 Dungeon Crawl Stone Soup version 0.26-a0-1026-g544776af23 (webtiles) character file.

Game seed: 2864599922366780900

34798 pkoi the Brawler (level 13, -3/111 HPs)
             Began as a Minotaur Monk on Dec 9, 2020.
             Was an Elder of Qazlal.
             Slain by a six-headed hydra (8 damage)
             ... on level 6 of the Lair of Beasts on Dec 10, 2020.
             The game lasted 00:19:59 (18024 turns).

pkoi the Brawler (Minotaur Monk)                   Turns: 18024, Time: 00:20:00

Health: -3/111     AC: 20    Str: 26    XL:     13   Next: 44%
Magic:  18/21      EV: 13    Int:  7    God:    Qazlal [****..]
Gold:   685        SH:  5    Dex: 20    Spells: 12/12 levels left

rFire    . . .     SeeInvis .     - Unarmed
rCold    . . .     Faith    .   (no shield)
rNeg     . . .     Spirit   .   N - +0 plate armour
rPois    .         Reflect  .   i - +1 hat
rElec    .         Harm     .   s - +0 cloak
rCorr    .         Rampage  .   e - +1 pair of gloves
Will     .....                  u - +1 pair of boots
Stlth    ..........             z - amulet of magic regeneration
HPRegen  0.28/turn              f - +6 ring of strength
MPRegen  0.42/turn              J - +6 ring of dexterity

@: about to teleport, slowed, repel missiles, very slow
A: retaliatory headbutt, horns 2
a: Upheaval, Elemental Force, Renounce Religion


You were on level 6 of the Lair of Beasts.
You worshipped Qazlal.
Qazlal was greatly pleased with you.
You visited 3 branches of the dungeon, and saw 17 of its levels.
You also visited: Ossuary.

You collected 885 gold pieces.
You spent 200 gold pieces at shops.

Inventory:

Missiles
 m - 72 poisoned darts (quivered)
 n - 3 silver boomerangs
Armour
 e - a +1 pair of gloves (worn)
 i - a +1 hat (worn)
 s - a +0 cloak (worn)
 u - a +1 pair of boots (worn)
 N - a +0 plate armour (worn)
Jewellery
 f - a +6 ring of strength (left hand)
 h - an uncursed ring of protection from fire
 t - an uncursed ring of wizardry
 z - an amulet of magic regeneration (around neck)
 J - a +6 ring of dexterity (right hand)
 O - an uncursed ring of positive energy
 R - an uncursed ring of flight
Wands
 l - a wand of iceblast (15)
 w - a wand of random effects (22)
 y - a wand of digging (11)
 C - a wand of disintegration (12)
 E - a wand of enslavement (17)
 H - a wand of flame (4)
 L - a wand of polymorph (12)
Scrolls
 b - 4 scrolls of identify
 j - 4 scrolls of remove curse
 k - 2 scrolls of blinking
 B - 5 scrolls of teleportation
 F - 3 scrolls of fog
 I - a scroll of enchant weapon
 K - 2 scrolls of enchant armour
 M - 3 scrolls of magic mapping
 P - a scroll of silence
 Q - a scroll of holy word
 S - 2 scrolls of amnesia
Potions
 c - a potion of magic
 d - 3 potions of invisibility
 g - 5 potions of cancellation {unknown}
 o - 2 potions of ambrosia
 p - 5 potions of haste
 q - 9 potions of curing
 r - a potion of brilliance
 v - 5 potions of heal wounds
 x - 2 potions of resistance
 A - 4 potions of flight
 D - 9 potions of lignification {unknown}
 G - a potion of berserk rage
Miscellaneous
 a - a condenser vane
 T - a phantom mirror (inert)


   Skills:
 + Level 9.1 Fighting
 + Level 8.4 Armour
 + Level 8.4 Dodging
 - Level 1.5 Stealth
 + Level 16.1 Unarmed Combat
 + Level 12.5 Invocations
 + Level 1.5 Evocations


You had 12 spell levels left.
You didn't know any spells.
Your spell library contained the following spells:

 Spells                   Type           Power        Failure   Level
 Freeze                   Ice            #...         99%         1
 Ensorcelled Hibernation  Hex/Ice        #.....       100%        2
 Summon Lightning Spire   Summ/Air       #.......     100%        4
 Irradiate                Conj/Tmut      #.........   100%        5
 Metabolic Englaciation   Hex/Ice        #.........   100%        5
 Silence                  Hex/Air        #.........   100%        5
 Conjure Ball Lightning   Conj/Air       #.........   100%        6
 Hydra Form               Tmut           #.........   100%        6
 Ozocubu's Refrigeration  Ice            #.........   100%        6
 Statue Form              Tmut/Erth      #........    100%        6
 Dragon Form              Tmut           #.........   100%        7
 Tornado                  Air            #.........   100%        9


Dungeon Overview and Level Annotations

Branches:
Dungeon (11/15)            Temple (1/1) D:6            Lair (4/6) D:11
  Snake (0/4) Lair:3          Orc (0/2) D:10        Ossuary (visited)
  Swamp: Lair:2-4    Shoals: Lair:2-4

Altars:
Ashenzari
Cheibriados
Dithmenos
Elyvilon
Fedhas
Gozag
Hepliaklqana
Kikubaaqudgha
Makhleb
Nemelex Xobeh
Okawaru
Qazlal
Ru
Sif Muna
Trog
Uskayaw
Vehumet
Wu Jian
Xom
Yredelemnul
Zin
The Shining One

Shops:
D:4 [   D:10 (

Annotations:
D:5 5 runed translucent doors
Lair:3 1 runed translucent door, Befuwnopp's ghost, journeyman TrHu


Innate Abilities, Weirdness & Mutations

You reflexively headbutt those who attack you in melee.
You have a pair of horns on your head.


Message History

The blink frog misses you.
The blink frog blinks!
The death yak gores you.
You block the six-headed hydra's attack.
The six-headed hydra bites you but does no damage.
The six-headed hydra bites you!
* * * LOW HITPOINT WARNING * * *
The six-headed hydra bites you but does no damage. x2
The six-headed hydra bites you!
* * * LOW HITPOINT WARNING * * *
The yak is engulfed in blazing flames.
The yak gores you.
* * * LOW HITPOINT WARNING * * *
The blink frog barely misses you.
As you read the scroll of teleportation, it crumbles to dust.
You feel strangely unstable.
The blink frog blinks!
The death yak completely misses you. You furiously retaliate!
You headbutt the death yak. The six-headed hydra bites you!
* * * LOW HITPOINT WARNING * * *
The six-headed hydra bites you.
* * * LOW HITPOINT WARNING * * *
The six-headed hydra bites you!
You die...

.........
.........
......... #.
##....?. #.#
#....Y.
##...#.†○Y# .
#....○DYY†###P.
. ##@Y...P..
... #.Y.......
.....#.§.☼.PP..
#......F....#..
....#.....### .
#.. ###F.w...
.. ......... .
.........
......P...


You could see a death yak, a six-headed hydra, a torpor snail, 5 yaks and 2
blink frogs.

Vanquished Creatures
  Gastronok (Lair:3)
  3 hydras
  A boulder beetle (Lair:3)
  A centaur warrior (D:11)
  3 death yaks
  5 two-headed ogres
  Pikel (D:5)
  2 ugly things (D:11)
  2 manticores (D:11)
  3 black mambas
  9 cane toads
  2 rime drakes (Lair:1)
  3 komodo dragons
  Grinder (D:5)
  2 hornets
  Prince Ribbit (Lair:2)
  7 blink frogs
  A slime creature (Lair:1)
  3 dream sheep (Lair:6)
  Sigmund (D:2)
  A wraith (D:11)
  21 yaks
  Eustachio (D:4)
  5 wyverns
  3 basilisks
  4 fire bats (Lair:1)
  Menkaure (D:6)
  3 nagas (Lair:3)
  9 water moccasins
  2 ice beasts (D:8)
  4 orc warriors
  2 sky beasts (D:11)
  A black bear (Lair:2)
  7 ogres
  4 phantoms
  An eye of draining (D:11)
  A necrophage (D:7)
  8 wolves
  4 centaurs
  A lemure (D:5)
  A big kobold (D:11)
  14 bullfrogs
  A wyvern zombie (D:10)
  A water moccasin zombie (Ossuary)
  A wyvern skeleton (D:6)
  4 killer bees (D:10)
  3 scorpions
  5 howler monkeys
  8 wights
  2 quasits
  A centaur zombie (D:10)
  6 orc wizards
  12 jellies
  A bullfrog skeleton (D:11)
  3 centaur skeletons
  4 orc priests
  5 hounds
  Crazy Yiuf (D:5)
  3 iron imps (D:6)
  Jessica (D:3)
  A gnoll shaman (D:7)
  2 iguanas
  3 worker ants (D:5)
  8 hell rats
  2 killer bee zombies
  5 big kobold zombies (Ossuary)
  2 hound zombies
  A hound skeleton (D:10)
  3 mummies
  2 worker ant zombies
  8 gnolls
  13 adders
  A river rat (D:6)
  A shadow imp (D:6)
  3 white imps
  2 ufetubi
  14 oozes
  An adder skeleton (D:5)
  3 adder zombies
  4 worms
  3 dart slugs
  9 leopard geckos
  35 orcs
  11 giant cockroaches
  A gnoll zombie (Ossuary)
  6 goblins
  10 hobgoblins
  11 jackals
  6 quokkas
  9 bats
  5 frilled lizards
  5 hobgoblin zombies (Ossuary)
  A jackal zombie (D:7)
  15 kobolds
  5 kobold zombies (Ossuary)
  6 orc zombies (Ossuary)
  2 quokka skeletons
  A quokka zombie (D:6)
  8 rats
440 creatures vanquished.

Vanquished Creatures (collateral kills)
  A death yak (D:10)
  A cane toad (Lair:6)
  2 dream sheep (Lair:6)
  4 yaks (Lair:6)
  3 nagas (Lair:3)
  2 orc warriors (D:10)
  2 wolves (Lair:3)
  A bullfrog (Lair:3)
  2 killer bees (D:10)
  A worker ant (D:10)
  2 orcs (D:10)
21 creatures vanquished.

Vanquished Creatures (others)
  14 fungi
  17 plants
31 creatures vanquished.

Grand Total: 492 creatures vanquished

Notes
Turn   | Place    | Note
-------+----------+-------------------------------------------
     0 | D:1      | pkoi the Minotaur Monk began the quest for the Orb.
     0 | D:1      | Reached XP level 1. HP: 19/19 MP: 0/0
    79 | D:1      | Reached XP level 2. HP: 25/26 MP: 1/1
   156 | D:1      | Reached skill level 4 in Unarmed Combat
   631 | D:1      | Reached XP level 3. HP: 31/31 MP: 2/2
  1246 | D:2      | Reached skill level 5 in Unarmed Combat
  1321 | D:2      | Reached XP level 4. HP: 39/39 MP: 3/3
  1379 | D:2      | Noticed Sigmund
  2070 | D:2      | Reached skill level 6 in Unarmed Combat
  2599 | D:2      | Reached XP level 5. HP: 45/45 MP: 4/4
  2640 | D:2      | Found a faded altar of an unknown god.
  3311 | D:3      | Found a hazy altar of Hepliaklqana.
  3380 | D:3      | Noticed Jessica
  3381 | D:3      | Killed Jessica
  3489 | D:4      | Found a shimmering altar of Xom.
  3504 | D:4      | Reached skill level 7 in Unarmed Combat
  3551 | D:4      | Reached XP level 6. HP: 51/51 MP: 5/5
  3709 | D:4      | Found Kehocash's Antique Armour Shoppe.
  3718 | D:4      | Reached skill level 8 in Unarmed Combat
  3718 | D:4      | Bought a runed scarf for 200 gold pieces
  4028 | D:5      | Entered Level 5 of the Dungeon
  4062 | D:5      | Found a sand-covered staircase.
  4082 | Ossuary  | Entered an ossuary
  4243 | Ossuary  | Reached XP level 7. HP: 51/57 MP: 6/6
  4309 | Ossuary  | Reached skill level 9 in Unarmed Combat
  4613 | D:5      | Found a runed translucent gate.
  4682 | D:5      | Found a runed translucent door.
  4715 | D:5      | Noticed Pikel
  4718 | D:5      | Reached skill level 10 in Unarmed Combat
  4720 | D:5      | Found the +9 staff of Olgreb {rPois∞}
  4722 | D:5      | Noticed Eustachio
  4723 | D:5      | Killed Pikel
  4724 | D:5      | Reached skill level 11 in Unarmed Combat
  4724 | D:5      | Reached XP level 8. HP: 37/64 MP: 7/7
  4886 | D:4      | Killed Eustachio
  4887 | D:4      | Reached skill level 1 in Armour
  5037 | D:5      | Noticed Grinder
  5051 | D:5      | Killed Grinder
  5222 | D:5      | Identified the Handbook of the Glacier and Shape Shifting
  5274 | D:5      | Found a runed translucent gate.
  5274 | D:5      | Found a runed translucent gate.
  5294 | D:5      | Found a runed translucent door.
  5468 | D:5      | Found a runed translucent door.
  5469 | D:5      | Noticed Crazy Yiuf
  5476 | D:5      | Killed Crazy Yiuf
  5852 | D:6      | Noticed Menkaure
  5971 | D:6      | Reached skill level 5 in Fighting
  6006 | D:6      | Found a staircase to the Ecumenical Temple.
  6016 | D:6      | HP: 1/68 [Menkaure (17)]
  6016 | D:6      | Killed Menkaure
  6017 | D:6      | Reached XP level 9. HP: 1/74 MP: 8/8
  6022 | D:6      | HP: 1/74 [orc/+0 short sword (2)]
  6023 | Temple   | Entered the Ecumenical Temple
  6503 | Temple   | Became a worshipper of Qazlal Stormbringer
  6503 | Temple   | Reached * piety under Qazlal
  6503 | Temple   | Reached ** piety under Qazlal
  6773 | D:6      | Found a burning altar of Makhleb.
  6791 | D:6      | Reached skill level 1 in Invocations
  6927 | D:6      | Noticed a two-headed ogre
  6931 | D:6      | Killed a two-headed ogre
  6932 | D:6      | Reached skill level 5 in Dodging
  6932 | D:6      | Reached skill level 12 in Unarmed Combat
  7247 | D:6      | Found a glowing silver altar of Zin.
  7711 | D:7      | Reached skill level 5 in Armour
  7838 | D:7      | Reached *** piety under Qazlal
  8411 | D:8      | Reached XP level 10. HP: 81/84 MP: 12/12
  8429 | D:8      | Reached skill level 5 in Invocations
  8965 | D:8      | Found a glowing golden altar of the Shining One.
  9209 | D:2      | Killed Sigmund
  9337 | D:9      | Found a sacrificial altar of Ru.
  9804 | D:9      | Reached **** piety under Qazlal
 10551 | D:10     | Entered Level 10 of the Dungeon
 10867 | D:9      | Reached XP level 11. HP: 78/94 MP: 15/15
 11165 | D:10     | Noticed a two-headed ogre
 11178 | D:10     | Killed a two-headed ogre
 11618 | D:10     | Noticed a two-headed ogre
 11626 | D:10     | Killed a two-headed ogre
 11767 | D:10     | Found a staircase to the Orcish Mines.
 11795 | D:10     | Found Alenusch's Antique Weapon Shop.
 11967 | D:10     | Reached skill level 13 in Unarmed Combat
 12479 | D:11     | Noticed a cyan ugly thing
 12491 | D:11     | Killed a cyan ugly thing
 12829 | D:11     | Noticed a centaur warrior
 12837 | D:11     | Killed a centaur warrior
 13057 | D:11     | Noticed a two-headed ogre
 13061 | D:11     | Killed a two-headed ogre
 13074 | D:11     | Noticed a death yak
 13076 | D:11     | Noticed a death yak
 13077 | D:11     | Noticed a death yak
 13084 | D:11     | Noticed a six-headed hydra
 13084 | D:11     | Noticed a cyan ugly thing
 13095 | D:10     | Killed a death yak
 13417 | D:11     | Noticed a two-headed ogre
 13430 | D:11     | Killed a six-headed hydra
 13472 | D:11     | Killed a death yak
 13473 | D:11     | Reached XP level 12. HP: 72/103 MP: 18/18
 13557 | D:11     | Killed a death yak
 13562 | D:11     | Killed a two-headed ogre
 13563 | D:11     | Reached skill level 14 in Unarmed Combat
 13839 | D:11     | Reached skill level 10 in Invocations
 13843 | D:11     | Found a staircase to the Lair.
 14538 | Lair:1   | Entered Level 1 of the Lair of Beasts
 15473 | Lair:1   | You fall into a shaft and drop 1 floor!
 15505 | Lair:2   | Noticed Prince Ribbit
 15512 | Lair:2   | Killed Prince Ribbit
 15518 | Lair:2   | Reached skill level 15 in Unarmed Combat
 15637 | Lair:2   | Reached ***** piety under Qazlal
 16414 | Lair:3   | Noticed Gastronok
 16807 | Lair:3   | Killed Gastronok
 16808 | Lair:3   | Reached XP level 13. HP: 108/110 MP: 19/21
 17087 | Lair:3   | Noticed Befuwnopp's ghost (journeyman TrHu)
 17088 | Lair:3   | Found a runed translucent door.
 17342 | Lair:3   | Found a staircase to the Snake Pit.
 17829 | Lair:4   | Reached skill level 16 in Unarmed Combat
 17991 | Lair:4   | You fall into a shaft and drop 2 floors!
 17991 | Lair:6   | Entered Level 6 of the Lair of Beasts
 18011 | Lair:6   | Reached skill level 1 in Evocations
 18024 | Lair:6   | HP: 5/111 [six-headed hydra (3)]
 18024 | Lair:6   | Slain by a six-headed hydra

Illustrated notes

Levels and vault maps discovered:
D:1:      denvon_arrival_planthouse, layout_loops_cross,
          serial_co_window_serial, co_window_paths_a, co_window_paths_a,
          co_window_of_opportunity_a, co_window_corner_a, co_window_paths_b,
          co_window_broadway_c, co_window_broadway_c, co_window_unsneaky_path_d,
          co_window_unsneaky_path_d, co_window_broadway_b, glass_columns_a,
          glass_columns_b, glass_columns_a, glass_columns_b, glass_columns_a,
          minmay_domino_2
D:2:      layout_basic, chequers_ecumenical_altar_grove, uniq_sigmund
D:3:      layout_loops_corners, general_overflow_altar, uniq_jessica
D:4:      layout_rooms, xom_butterflies, serial_shops, shop,
          minmay_misc_feat_tower
D:5:      layout_layer_cave, gup_ossuary_entry_pyramid, columned_hall_lemuel,
          minmay_guarded_unrand_staff_of_olgreb, uniq_grinder, uniq_pikel,
          uniq_crazy_yiuf_cottage, uniq_eustachio
D:6:      layout_basic, demons_altar, lemuel_crystal_altar,
          minmay_temple_entry_slanted, gup_sewer_entry_bowl, uniq_menkaure
D:7:      layout_gridville, minmay_crystal_room
D:8:      layout_rooms, overflow_temple_1_default
D:9:      layout_gridville, old_standard_altar, hangedman_decor_growths
D:10:     layout_layer_cave, orc_0_dummy, serial_shops, shop_statue
D:11:     layout_basic, dpeg_lair_monsters
Temple:   eino_temple_rhombus
Lair:1:   lemuel_slime, layout_gridlike, serial_bayou_pond_d,
          hangedman_lair_generics_rect
Lair:2:   layout_regular_city, beast_lair_carwin_6, uniq_prince_ribbit2
Lair:3:   statuecave_lemuel, layout_chaotic_city,
          minmay_snake_entry_guardpost_large, hellmonk_ghost_happy_afterlife,
          uniq_gastronok
Lair:4:   layout_cave_pods, swamp_mist, lemuel_fruit_fields, lemuel_fruit_tree
Lair:6:   hangedman_lair_in_review, layout_regular_city, wormcave,
          minmay_lair_oklob_chamber, serial_bayou_shore_b

Skill      XL: |  1  2  3  4  5  6  7  8  9 10 11 12 13 |
---------------+----------------------------------------+-----
Unarmed Combat | 4 5 6 7 8 11 12 13 15 16 | 16.1
Fighting       | 5 6 7 8 9 |  9.1
Armour         | 3 5 7 8 |  8.4
Dodging        | 4 5 7 8 |  8.4
Invocations    | 4 7 9 12 | 12.5
Evocations     | 1 |  1.5
Stealth        | |  1.5

Action                   |  1- 3 |  4- 6 |  7- 9 | 10-12 | 13-15 || total
-------------------------+-------+-------+-------+-------+-------++-------
Melee: Unarmed           |    73 |   152 |   241 |   571 |    76 ||  1113
       Headbutt          |     9 |    29 |    45 |   144 |    29 ||   256
       Punch             |       |     3 |    14 |    48 |    11 ||    76
Invok: Upheaval          |       |       |       |     5 |       ||     5
       Elemental Force   |       |       |       |     5 |     2 ||     7
Evoke: Phantom mirror    |       |       |       |       |     1 ||     1
  Use: Scroll            |       |     7 |    11 |     8 |     1 ||    27
       Potion            |       |       |     1 |       |       ||     1
 Stab: Sleeping          |     2 |     7 |     2 |       |       ||    11
Armor: Robe              |    15 |    39 |    50 |    31 |       ||   135
       Plate armour      |       |       |       |   148 |    36 ||   184
Dodge: Dodged            |    55 |    81 |   130 |   288 |    36 ||   590
       Repelled          |       |       |     2 |     5 |       ||     7
Block: Other             |       |       |    16 |   124 |    19 ||   159

Table legend: (Time is in decaauts)
 A = Elapsed time spent in this place.
 B = Non-inter-level travel time spent in this place.
 C = Inter-level travel time spent in this place.
 D = Time resting spent in this place.
 E = Time spent auto-exploring this place.
 F = Levels seen in this place.
 G = Mean time per level.
                   A        B        C        D        E       F      G
               +--------+--------+--------+--------+--------+-----+--------+
         Total |  17811 |  17046 |    765 |   3171 |  11306 |  18 |  989.5 |
       Dungeon |  13596 |  12887 |    709 |   2180 |   8713 |  11 | 1236.0 |
        Temple |    490 |    480 |     10 |    331 |    133 |   1 |  490.0 |
          Lair |   3416 |   3371 |     45 |    660 |   2229 |   5 |  683.2 |
       Ossuary |    306 |    306 |      0 |      0 |    230 |   1 |  306.0 |
               +--------+--------+--------+--------+--------+-----+--------+

Top non-repeatable levels by time:
    D:11: 1829 daAuts
    D:10: 1743 daAuts
     D:5: 1404 daAuts
     D:1: 1252 daAuts
  Lair:2: 1246 daAuts
     D:6: 1202 daAuts
     D:2: 1161 daAuts
     D:3: 1155 daAuts
     D:9: 1154 daAuts
     D:8: 942 daAuts
     D:7: 934 daAuts
  Lair:3: 912 daAuts
  Lair:1: 911 daAuts
     D:4: 817 daAuts
  Temple: 490 daAuts
